 Dungeon Crawl Stone Soup version 0.29.1-12-g30fa7ad0bf (webtiles) character file.

Game seed: 11877337760598967902

3694 wormed the Severer (level 9, -12/106 HPs)
             Began as a Minotaur Gladiator on Dec 24, 2022.
             Mangled by a boulder beetle (18 damage)
             ... on level 7 of the Dungeon.
             The game lasted 00:14:57 (9388 turns).

wormed the Severer (Minotaur Gladiator)             Turns: 9388, Time: 00:14:58

Health: -12/106    AC: 24    Str: 23    XL:     9   Next: 90%
Magic:  8/8        EV:  2    Int:  5    God:
Gold:   530        SH:  5    Dex: 18    Spells: 8/8 levels left

rFire   + . .      SeeInvis .   a - +0 war axe
rCold   . . .      Faith    .   v - +0 buckler
rNeg    . . .      Spirit   .   (body armour currently unavailable)
rPois   +          Reflect  .   (helmet currently unavailable)
rElec   .          Harm     .   (cloak currently unavailable)
rCorr   .          Rampage  .   (gloves currently unavailable)
Will    .....      NoTele   +   (boots currently unavailable)
Stlth   ++........              (no amulet)
HPRegen 0.27/turn               n - +6 ring of dexterity
MPRegen 0.11/turn               N - ring of protection from fire

@: tree-form
A: stationary, stasis, torment immunity, boosted hp, (horns 2), (retaliatory
headbutt)
a: no special abilities


You were on level 7 of the Dungeon.
You were a tree.
You visited 2 branches of the dungeon, and saw 8 of its levels.
You also visited: Sewer.

You collected 530 gold pieces.

Inventory:

Hand Weapons
 a - a +0 war axe (weapon)
 F - the +9 hammer "Tiocusir" {flame, rC+ rN+}
   (You found it on level 4 of the Dungeon)

   It burns those it strikes, dealing additional fire damage.
   rC:        It protects you from cold.
   rN:        It protects you from negative energy.
Missiles
 d - 3 throwing nets (quivered)
 k - 29 poisoned darts
Armour
 c - a +0 hat (melded)
 v - a +0 buckler (worn)
 I - a +1 cloak (melded)
 R - a +0 plate armour (melded)
Jewellery
 h - a ring of ice
 n - a +6 ring of dexterity (left branch)
 N - a ring of protection from fire (right branch)
 O - a ring of fire
Wands
 q - a wand of charming (12)
 w - a wand of quicksilver (6)
 y - a wand of roots (8)
 G - a wand of polymorph (9)
 P - a wand of mindburst (7)
Scrolls
 f - 3 scrolls of poison
 l - a scroll of silence {unknown}
 m - a scroll of amnesia
 p - a scroll of brand weapon {unknown}
 s - 3 scrolls of teleportation
 t - a scroll of blinking {unknown}
 A - 2 scrolls of summoning {unknown}
 E - a scroll of fear {unknown}
 H - 2 scrolls of enchant armour {unknown}
 J - a scroll of enchant weapon {unknown}
 K - 3 scrolls of noise
 L - 3 scrolls of immolation {unknown}
 M - 2 scrolls of identify
 Q - a scroll of acquirement {unknown}
 T - a scroll of magic mapping {unknown}
Potions
 b - 3 potions of might
 g - 2 potions of curing
 i - a potion of resistance
 j - a potion of lignification
 o - 2 potions of berserk rage
 r - 5 potions of heal wounds {unknown}
 u - 2 potions of mutation {unknown}
 x - 5 potions of brilliance
 z - a potion of ambrosia {unknown}
 B - a potion of flight {unknown}
 C - a potion of invisibility {unknown}
 D - a potion of haste {unknown}
 S - a potion of degeneration {unknown}


   Skills:
 - Level 4.0 Fighting
 * Level 15.4 Axes
 - Level 2.0 Throwing
 - Level 4.0 Armour
 - Level 4.0 Dodging
 - Level 4.0 Shields


You had 8 spell levels left.
You didn't know any spells.
Your spell library contained the following spells:

 Spells                   Type           Power      Damage    Failure   Level
 Summon Small Mammal      Summ           0%         N/A       56%         1
 Call Canine Familiar     Summ           0%         N/A       90%         3
 Ozocubu's Armour         Ice            0%         N/A       90%         3
 Stone Arrow              Conj/Erth      0%         3d7       90%         3
 Summon Guardian Golem    Hex/Summ       0%         N/A       90%         3
 Animate Armour           Summ/Erth      0%         N/A       100%        4
 Metabolic Englaciation   Hex/Ice        0%         N/A       100%        5
 Summon Forest            Summ/Tloc      0%         N/A       100%        5
 Eringya's Noxious Bog    Tmut/Pois      0%         N/A       100%        6
 Simulacrum               Ice/Necr       0%         N/A       100%        6
 Summon Hydra             Summ           0%         N/A       100%        7
 Lehudib's Crystal Spear  Conj/Erth      0%         10d2      100%        8


Dungeon Overview and Level Annotations

Branches:
Dungeon (7/15)             Temple (1/1) D:6           Sewer (visited)

Altars:
Cheibriados
Dithmenos
Elyvilon
Fedhas
Gozag
Hepliaklqana
Kikubaaqudgha
Makhleb
Nemelex Xobeh
Ru
Sif Muna
Uskayaw
Vehumet
Wu Jian
Xom
Yredelemnul
Zin
The Shining One


Innate Abilities, Weirdness & Mutations

You are a tree.
Your roots penetrate the ground, keeping you stationary.
You cannot be teleported.
You are immune to unholy pain and torment.
Your maximum health is greatly increased.
Your equipment is partially melded.
((You have a pair of horns on your head.))
((You reflexively headbutt those who attack you in melee.))


Message History

The centaur shoots an arrow.
The arrow hits you.
An orc comes into view. It is wielding a +0 flail.
The orc moves out of view.
You hear a shout! x2
Something shouts, "Flee, thou errant rump-fed cattle!"
An orc wizard comes into view. It is wielding a +0 dagger.
The boulder beetle leaps!
The slime creature barely misses you. You furiously retaliate!
You headbutt the slime creature.
An orc comes into view. It is wielding a +0 short sword.
The slime creature attacks as you move away!
The slime creature hits you!
The orc wizard casts a spell.
The orc wizard flickers and vanishes!
Deactivating autopickup; reactivate with Ctrl-A.
The slime creature attacks as you move away!
The slime creature hits you.
The slime creature attacks as you move away!
The slime creature barely misses you.
You slash the slime creature!
The slime creature is moderately wounded.
The slime creature closely misses you.
You slash the slime creature!
The slime creature is heavily wounded.
The slime creature hits you but does no damage.
The boulder beetle attacks as you move away!
The boulder beetle bites you!!
The slime creature attacks as you move away!
The slime creature hits you!
* * * LOW HITPOINT WARNING * * *
The boulder beetle attacks as you move away!
The boulder beetle bites you!
* * * LOW HITPOINT WARNING * * *
You feel better. The boulder beetle bites you!!
* * * LOW HITPOINT WARNING * * *
You turn into a tree.
Your +1 cloak melds into your body.
Your +0 hat melds into your body.
Your +0 plate armour melds into your body.
Your roots penetrate the ground.
The boulder beetle bites you!!
You die...

.... .... #... #..# ..## #.##..
#########o.(## .......
###..#.oo.c....# ......#
###.##c..###'###.# ...#..#
#...♣#c..# .. .......
####..###BJ..# .# ......##...#
####.# # ........### #.#
..........### #.# ......###...###
#.#######. ......<###....###
#......... #
.......###......#####...#########
....†.........#...##.#### #.##..


You could see a boulder beetle and a slime creature.

Vanquished Creatures
  Sigmund (D:2)
  The ghost of ZoeForever1 the Skirmisher, an amateur GnHu (D:3)
  A steam dragon (D:7)
  Menkaure (D:4)
  Edmund (D:4)
  2 orc warriors
  4 black bears
  2 centaurs (D:5)
  A phantom (D:7)
  2 bullfrogs (D:7)
  3 kobold brigands (Sewer)
  A necrophage (D:4)
  5 scorpions
  5 wights
  7 orc priests
  4 hounds
  Crazy Yiuf (D:4)
  2 gnoll boudas (D:7)
  3 jellies
  Jessica (D:2)
  An iguana (D:6)
  17 orc wizards
  9 gnolls
  2 river rats (Sewer)
  7 adders
  A shadow imp (D:4)
  A white imp (D:6)
  6 worms
  3 dart slugs
  33 orcs
  2 endoplasms
  2 giant cockroaches
  7 goblins
  4 hobgoblins
  7 jackals
  3 quokkas
  8 ball pythons
  8 bats
  3 frilled lizards
  16 kobolds
  9 rats
197 creatures vanquished.

Vanquished Creatures (others)
  A fungus (D:1)
  A plant (D:1)
2 creatures vanquished.

Grand Total: 199 creatures vanquished

Notes
Turn   | Place    | Note
-------+----------+-------------------------------------------
     0 | D:1      | wormed the Minotaur Gladiator began the quest for the Orb.
     0 | D:1      | Reached XP level 1. HP: 18/18 MP: 0/0
   425 | D:1      | Reached XP level 2. HP: 25/25 MP: 1/1
   508 | D:1      | Reached skill level 4 in Axes
   917 | D:1      | Found a faded altar of an unknown god.
   989 | D:1      | Reached skill level 1 in Shields
   995 | D:1      | Reached skill level 1 in Armour
  1437 | D:2      | Noticed Jessica
  1447 | D:2      | Killed Jessica
  1448 | D:2      | Reached XP level 3. HP: 31/31 MP: 2/2
  1893 | D:2      | Reached XP level 4. HP: 38/38 MP: 3/3
  1913 | D:2      | Noticed Sigmund
  2467 | D:2      | Killed Sigmund
  2468 | D:2      | Reached skill level 5 in Axes
  2468 | D:2      | Reached XP level 5. HP: 34/46 MP: 4/4
  2937 | D:3      | Reached XP level 6. HP: 44/52 MP: 5/5
  3515 | D:3      | Found a glowing drain.
  3523 | Sewer    | Entered a sewer
  3528 | Sewer    | Reached skill level 6 in Axes
  3941 | Sewer    | Reached XP level 7. HP: 58/59 MP: 6/6
  3972 | Sewer    | Reached skill level 7 in Axes
  4384 | D:3      | Found a runed translucent door.
  4385 | D:3      | Noticed ZoeForever1's ghost (amateur GnHu)
  4527 | D:3      | Killed ZoeForever1's ghost
  4724 | D:4      | Identified the +9 hammer "Tiocusir" {flame, rC+ rN+}
  4748 | D:4      | Found a runed translucent door.
  4749 | D:4      | Noticed Crazy Yiuf
  4790 | D:4      | Reached skill level 8 in Axes
  4919 | D:4      | Found a hide-covered altar of Uskayaw.
  5191 | D:4      | Reached skill level 9 in Axes
  5230 | D:4      | Noticed Edmund
  5253 | D:4      | Killed Edmund
  5254 | D:4      | Reached XP level 8. HP: 45/66 MP: 7/7
  5280 | D:4      | Noticed Menkaure
  5356 | D:4      | Identified the +2 trident "Ycauc" {chaos, Int+4}
  5511 | D:4      | Found a glowing silver altar of Zin.
  5594 | D:4      | Reached skill level 10 in Axes
  5655 | D:4      | Killed Menkaure
  5867 | D:4      | Killed Crazy Yiuf
  6004 | D:5      | Entered Level 5 of the Dungeon
  6074 | D:5      | Reached skill level 11 in Axes
  6767 | D:5      | Reached skill level 12 in Axes
  7045 | D:5      | Identified the +2 ring mail of Nash {*Slow rF+++ Str-3
                  | Dex+4}
  7519 | D:5      | Reached XP level 9. HP: 33/65 MP: 8/8
  7928 | D:6      | Reached skill level 13 in Axes
  8154 | D:6      | Found a staircase to the Ecumenical Temple.
  8160 | Temple   | Entered the Ecumenical Temple
  8913 | D:7      | Reached skill level 14 in Axes
  9250 | D:7      | Reached skill level 15 in Axes
  9373 | D:7      | Noticed a boulder beetle
  9388 | D:7      | Mangled by a boulder beetle

Illustrated notes

Levels and vault maps discovered:
D:1:      minmay_arrival_hallway, layout_basic,
          dreamdust_ecumenical_altar_hidden_monk_grotto, minivault_25,
          nicolae_figureground_sparkle
D:2:      layout_loops_ring, grunt_ministairs_10, uniq_jessica, uniq_sigmund
D:3:      layout_loops_ring, gup_sewer_entry_spiral, gammafunk_ghost_grave
D:4:      layout_gridville, mainiacjoe_overflow_24_doors, lemuel_round_altar,
          serial_glass, glass_columns_c, glass_columns_b, item_on_display_a,
          item_on_display_a, minmay_strange_pillars, feat_on_display,
          uniq_menkaure, uniq_edmund, uniq_crazy_yiuf_cottage
D:5:      layout_basic
D:6:      minmay_flawed_box, layout_basic, minmay_temple_entry_ruins
D:7:      minmay_the_grid_four_pointed_star
          [minmay_the_grid_triangle_9x9_minimal,
          minmay_the_grid_triangle_9x9_thin_v,
          minmay_the_grid_triangle_9x9_longest,
          minmay_the_grid_triangle_9x9_limited_checkers,
          minmay_the_grid_prize_shrinking_boxes], layout_loops_ring,
          trog_ov_bears_minmay, kennysheep_minor_cross
Temple:   nicolae_temple_bog_church

Skill      XL: |  1  2  3  4  5  6  7  8  9 |
---------------+----------------------------+-----
Axes           | 4 5 6 9 12 15 | 15.4
Shields        | 1 2 3 4 |  4.0
Armour         | 1 2 3 4 |  4.0
Fighting       | 3 4 |  4.0
Dodging        | 4 |  4.0
Throwing       | |  2.0

Action                   |  1- 3 |  4- 6 |  7- 9 || total
-------------------------+-------+-------+-------++-------
Melee: War axe           |    57 |   153 |   316 ||   526
       Headbutt          |     8 |    15 |    66 ||    89
       Unarmed           |       |       |     5 ||     5
Throw: Javelin           |       |       |     1 ||     1
  Use: Scroll            |     1 |     1 |     8 ||    10
       Potion            |       |       |     3 ||     3
Armor: Leather armour    |    24 |       |       ||    24
       Ring mail         |     1 |     2 |       ||     3
       Scale mail        |       |    34 |    80 ||   114
       Skin              |       |       |     4 ||     4
       Plate armour      |       |       |    38 ||    38
Dodge: Dodged            |    58 |    64 |   122 ||   244
Block: Buckler           |       |    25 |    57 ||    82
